 Dungeon Crawl Stone Soup version 0.20-a0-1116-gaa52201 (webtiles) character file.

13460 namelastname112 the Martial Artist (level 11, -17/153 HPs)
             Began as a Yellow Draconian Monk on May 6, 2017.
             Was a High Priest of Wu Jian.
             Demolished by a cyan ugly thing (20 damage)
             ... on level 11 of the Dungeon on May 7, 2017.
             The game lasted 00:24:26 (10366 turns).

namelastname112 the Martial Artist (DrMo)          Turns: 10366, Time: 00:24:27

Health: -17/153    AC: 12    Str: 19    XL:     11   Next: 75%
Magic:  11/11      EV: 19    Int: 10    God:    Wu Jian [*****.]
Gold:   751        SH:  0    Dex: 17    Spells: 10/10 levels left

rFire    . . .     SeeInvis .     - Unarmed
rCold    . . .     Gourm    .   (no shield)
rNeg     . . .     Faith    .   (armour unavailable)
rPois    .         Spirit   .   F - +0 hat
rElec    .         Reflect  .   i - scarf {cloud immunity}
rCorr    +         Harm     +   y - +1 pair of gloves
MR       .....                  u - +2 pair of boots {run}
Stlth    ..........             D - amulet of harm
Regen    0.8/turn               (no ring)
MPRegen  0.2/turn               (no ring)

@: berserking, studying Long Blades, very quick
A: spit acid, acid resistance, unfitting armour, blink, regeneration 1,
cold-blooded, AC +7
a: Breathe Acid, Blink, Serpent's Lash, Heavenly Storm, Renounce Religion


You were on level 11 of the Dungeon.
You worshipped Wu Jian.
Wu Jian was extremely pleased with you.
You were not hungry.

You visited 2 branches of the dungeon, and saw 12 of its levels.
You also visited: Bailey.

You collected 831 gold pieces.
You spent 80 gold pieces at shops.

Inventory:

Missiles
 r - 16 javelins of returning (quivered)
Armour
 i - a scarf of cloud immunity (worn)
 u - a +2 pair of boots of running (worn)
 y - a +1 pair of gloves (worn)
 F - a +0 hat (worn)
Magical Staves
 A - an uncursed staff of death
Jewellery
 p - the ring of Zoudirhufo {Ice +Inv Dex-5 Stlth+}
   (You found it on level 6 of the Dungeon)

   [ring of ice]

   It enhances your ice magic.
   It affects your dexterity (-5).
   It makes you vulnerable to fire.
   It protects you from cold.
   It lets you turn invisible.
   It makes you more stealthy.
 D - an amulet of harm (around neck)
Wands
 o - a wand of acid (4/15)
 s - a wand of paralysis (4/24)
 C - a wand of confusion (31/48)
 M - a wand of lightning (4/15)
Scrolls
 b - 9 scrolls of identify
 e - 7 scrolls of remove curse
 f - 4 scrolls of immolation
 g - a scroll of amnesia
 m - 7 scrolls of teleportation
 v - a scroll of enchant weapon
 w - a scroll of fog
 B - 2 scrolls of magic mapping
Potions
 d - a potion of brilliance
 h - 3 potions of mutation
 j - 3 potions of flight
 n - 2 potions of agility
 q - 3 potions of curing
 t - 2 potions of lignification
 z - a potion of might
 G - 2 potions of haste
Books
 x - a book of Geomancy

   Spells                             Type                      Level
   a - Sandblast                      Earth                        1
   b - Passwall                       Transmutation/Earth          2
   c - Stone Arrow                    Conjuration/Earth            3
   d - Petrify                        Transmutation/Earth          4
   e - Lee's Rapid Deconstruction     Earth                        5
 E - a manual of Long Blades
 J - a book of Air

   Spells                             Type                      Level
   a - Shock                          Conjuration/Air              1
   b - Swiftness                      Charms/Air                   2
   c - Static Discharge               Conjuration/Air              3
   d - Airstrike                      Air                          4
   e - Lightning Bolt                 Conjuration/Air              5
Comestibles
 a - 10 bread rations
 c - 8 royal jellies
 k - 13 fruits
 l - 7 meat rations


   Skills:
 + Level 11.2 Fighting
 + Level 9.5 Dodging
 - Level 1.7 Stealth
 + Level 13.1 Unarmed Combat


You had 10 spell levels left.
You didn't know any spells.

Dungeon Overview and Level Annotations

Branches:
Dungeon (11/15)            Temple (1/1) D:6            Lair (0/6) D:11
    Orc (0/2) D:10

Altars:
Ashenzari
Cheibriados
Elyvilon
Fedhas
Gozag
Hepliaklqana
Kikubaaqudgha
Makhleb
Nemelex Xobeh
Okawaru
Qazlal
Ru
Sif Muna
Trog
Uskayaw
Vehumet
Wu Jian
Xom
Yredelemnul
Zin
The Shining One

Shops:
D:6 !*


Innate Abilities, Weirdness & Mutations

You can spit globs of acid.
You are resistant to acid.
Your golden yellow scales are hard. (AC +7)
You cannot fit into any form of body armour.
You are cold-blooded and may be slowed by cold attacks.
You can translocate small distances at will.
Your natural rate of healing is unusually fast.


Message History

Evoking this partially-identified wand wasted a few charges.
The cyan ugly thing headbutts you! The cyan ugly thing shocks you!
* * * LOW HITPOINT WARNING * * *
You take 32 damage, and have 25/102 hp.
MASSIVE DAMAGE!!
Okay, then.
A red film seems to cover your vision as you go berserk!
You feel yourself moving faster!
You feel mighty! The cyan ugly thing headbutts you!
* * * LOW HITPOINT WARNING * * *
The cyan ugly thing shocks you!
* * * LOW HITPOINT WARNING * * *
You now have 5/153 hp.
You pummel the cyan ugly thing!! You tail-slap the cyan ugly thing.
The cyan ugly thing is heavily wounded.
You hit the cyan ugly thing but do no damage.
The cyan ugly thing is heavily wounded.
The cyan ugly thing headbutts you.
* * * LOW HITPOINT WARNING * * *
The cyan ugly thing shocks you!
You die...

.................#
##.................
#............######
.............##...##
#............#.....#
..#..........#.....#
.........#...#.....#
####....#######...##
# ##.### ###@#####
#####.# #..u....#
##....# #.......#
......# +..8....#
.#..### #....†÷.#
...## #.......#
.###########
###'###.#
...........# ... #.#
.########### ... #.#


You could see a cyan ugly thing.

Vanquished Creatures
  3 two-headed ogres
  Pikel (D:6)
  An ugly thing (D:11)
  A kobold demonologist (D:11)
  3 hippogriffs
  A shadow (D:11)
  4 hogs (D:7)
  A wraith (D:11)
  9 yaks
  2 hungry ghosts
  A human (D:7)
  A steam dragon (D:8)
  Menkaure (D:6)
  A water moccasin (D:7)
  2 sky beasts
  A slave (D:6)
  An ice beast (D:10)
  3 phantoms
  13 orc warriors
  5 ogres
  2 black bears
  10 centaurs
  A crocodile (D:11)
  10 bullfrogs
  2 wyvern zombies
  A scorpion (D:6)
  20 killer bees
  6 howler monkeys
  6 crimson imps
  A bullfrog zombie (D:10)
  3 hounds
  A quasit (D:10)
  A centaur zombie (D:8)
  2 jellies (D:8)
  4 orc priests
  2 centaur skeletons
  12 orc wizards
  A bullfrog skeleton (D:9)
  4 iguanas
  12 worker ants
  A hound skeleton (D:4)
  3 hound zombies
  A mummy (D:8)
  A worker ant zombie (D:5)
  4 gnolls
  9 adders
  3 shadow imps
  An ooze (D:4)
  2 adder zombies (D:5)
  2 worms
  A dart slug (D:1)
  6 leopard geckos
  54 orcs
  4 giant cockroaches
  A hobgoblin (D:1)
  5 jackals
  A ball python zombie (D:5)
  12 bats
  3 frilled lizards
  12 goblins
  5 kobolds
  A leopard gecko skeleton (D:5)
  A leopard gecko zombie (D:5)
  4 rats (D:1)
  A butterfly (D:6)
294 creatures vanquished.

Vanquished Creatures (others)
  A slave (D:6)
  An orc wizard (D:6)
2 creatures vanquished.

Grand Total: 296 creatures vanquished

Notes
Turn   | Place    | Note
-------+----------+-------------------------------------------
     0 | D:1      | namelastname112 the Draconian Monk began the quest for the Orb.
     0 | D:1      | Reached XP level 1. HP: 19/19 MP: 1/1
   347 | D:1      | Reached XP level 2. HP: 26/26 MP: 2/2
   388 | D:1      | Reached skill level 4 in Unarmed Combat
   765 | D:2      | Reached XP level 3. HP: 29/31 MP: 3/3
   843 | D:2      | Found a stormy altar of Qazlal.
  1055 | D:2      | Found a hazy altar of Hepliaklqana.
  1236 | D:2      | Found an ancient bone altar of Kikubaaqudgha.
  1615 | D:3      | Found a bloodstained altar of Trog.
  1622 | D:3      | Found a shimmering altar of Xom.
  1945 | D:4      | Gained mutation: Your flesh is heat resistant. (rF+) [potion of mutation]
  1945 | D:4      | Gained mutation: You have very sharp teeth. [potion of mutation]
  1945 | D:4      | Lost mutation: Your flesh is heat resistant. (rF+) [potion of mutation]
  1945 | D:4      | Gained mutation: You have an increased reservoir of magic. (+10% MP) [potion of mutation]
  1949 | D:4      | Reached skill level 5 in Unarmed Combat
  1949 | D:4      | Reached XP level 4. HP: 8/38 MP: 4/4
  2285 | D:4      | Noticed a phantom
  2340 | D:4      | Reached XP level 5. HP: 43/45 MP: 5/5
  2373 | D:4      | Reached skill level 6 in Unarmed Combat
  2404 | D:4      | Lost mutation: You have very sharp teeth. [potion of mutation]
  2404 | D:4      | Lost mutation: You have an increased reservoir of magic. (+10% MP) [potion of mutation]
  2404 | D:4      | Gained mutation: Your natural rate of healing is unusually fast. [potion of mutation]
  2404 | D:4      | Gained mutation: You can translocate small distances at will. [potion of mutation]
  2540 | D:4      | Noticed a phantom
  2584 | D:4      | Killed a phantom
  2584 | D:4      | Reached skill level 7 in Unarmed Combat
  2584 | D:4      | Reached XP level 6. HP: 35/51 MP: 6/6
  2863 | D:4      | Reached skill level 8 in Unarmed Combat
  2863 | D:4      | Your scales start taking on a golden yellow colour.
  2863 | D:4      | Reached XP level 7. HP: 55/57 MP: 7/7
  3092 | D:4      | You fall through a shaft!
  3092 | D:5      | Entered Level 5 of the Dungeon
  3265 | D:5      | Reached skill level 9 in Unarmed Combat
  3499 | D:5      | Found a shattered altar of Ashenzari.
  3820 | D:6      | Reached XP level 8. HP: 66/66 MP: 8/8
  3928 | D:6      | Got a sparkling glass ring
  3940 | D:6      | Identified the ring of Zoudirhufo {Ice +Inv Dex-5 Stlth+} (You found it on level 6 of the Dungeon)
  4002 | D:6      | Noticed Pikel
  4007 | D:6      | Killed Pikel
  4007 | D:6      | Reached skill level 5 in Fighting
  4007 | D:6      | Reached skill level 10 in Unarmed Combat
  4012 | D:6      | Noticed Menkaure
  4017 | D:6      | Found Dupeacke's Elemental Accessories.
  4025 | D:6      | Killed Menkaure
  4339 | D:6      | Found Reoluver's Distillery.
  4342 | D:6      | Bought a potion of heal wounds for 50 gold pieces
  4342 | D:6      | Bought a potion of lignification for 30 gold pieces
  4363 | D:6      | Found a staircase to the Ecumenical Temple.
  4392 | Temple   | Entered the Ecumenical Temple
  4414 | Temple   | Became a worshipper of the Wu Jian Council
  4414 | Temple   | Reached * piety under Wu Jian
  4414 | Temple   | Reached ** piety under Wu Jian
  4655 | D:7      | Reached XP level 9. HP: 71/75 MP: 9/9
  4720 | D:7      | Identified a +2 pair of boots of running (You found it on level 6 of the Dungeon)
  4818 | D:7      | Reached skill level 5 in Dodging
  4920 | D:7      | Found a basalt altar of Yredelemnul.
  5210 | D:8      | Found a sacrificial altar of Ru.
  5211 | D:8      | Found an opulent altar of Gozag.
  5438 | D:8      | Found a white marble altar of Elyvilon.
  5462 | D:8      | Reached skill level 11 in Unarmed Combat
  5468 | D:8      | Found a snail-covered altar of Cheibriados.
  5482 | D:8      | Reached *** piety under Wu Jian
  5585 | D:8      | You fall through a shaft for 2 floors!
  5585 | D:10     | Entered Level 10 of the Dungeon
  5866 | D:8      | namelastname112: ??scarf
  5866 | D:8      | beem: scarf[1/1]: An always +0 cloak replacement with 0 base AC and an ego of {guardian spirit}, {repulsion}, resistance (rF+ rC+) or rC+
  6029 | D:8      | Reached XP level 10. HP: 47/88 MP: 10/10
  6702 | D:9      | Found a hide-covered altar of Uskayaw.
  6724 | D:9      | Upgraded the game from 0.20-a0-1114-g33edf32 to 0.20-a0-1116-gaa52201
  6881 | D:9      | Noticed a two-headed ogre
  6893 | D:9      | Killed a two-headed ogre
  6958 | D:9      | Reached **** piety under Wu Jian
  7392 | D:10     | Reached skill level 12 in Unarmed Combat
  7473 | D:10     | Found a staircase to the Orcish Mines.
  7653 | D:10     | Reached XP level 11. HP: 96/99 MP: 11/11
  7783 | D:10     | Noticed a two-headed ogre
  7799 | D:10     | Killed a two-headed ogre
  7799 | D:10     | Reached skill level 10 in Fighting
  8195 | D:11     | Found a flagged portal.
  8201 | Bailey   | Entered a bailey
  8276 | Bailey   | HP: 3/100 [orc warrior/trident (22)]
  9104 | Bailey   | Reached ***** piety under Wu Jian
  9346 | Bailey   | Identified a scroll of acquirement
  9601 | D:11     | Found a staircase to the Lair.
  9974 | D:11     | Noticed a cyan ugly thing
  9982 | D:11     | Killed a cyan ugly thing
 10157 | D:11     | Noticed a two-headed ogre
 10174 | D:11     | Killed a two-headed ogre
 10280 | D:11     | Reached skill level 13 in Unarmed Combat
 10356 | D:11     | Noticed a cyan ugly thing
 10364 | D:11     | HP: 5/153 [cyan ugly thing (18)]
 10366 | D:11     | Demolished by a cyan ugly thing

Vault maps used:
D:1:      evilmike_arrival_rings
D:2:      grunt_qazlal_sundering, nicolae_overflow_crystal_walls,
          nicolae_overflow_hidden_temple, first_bread
D:3:      grunt_temple_overflow_open, minmay_misc_feat_square
D:5:      ashenzari_altar_1
D:6:      minmay_temple_entry_butterflies, serial_shops,
          nicolae_shop_behind_doors, nicolae_elemental_shop, uniq_menkaure,
          uniq_pikel
D:7:      basic_altar, grunt_livestock
D:8:      minmay_bloctagon, slow_altar_1, lemuel_round_altar,
          gammafunk_temple_overflow_statue, minmay_misc_feat_ornament,
          grunt_ministairs_15
D:9:      eat_drink_and_be_merry_uskayaw
D:10:     kennysheep_spiral_hall, orc_0_dummy
D:11:     lair_entry_dummy, enter_bailey_3, minmay_three_doors
Temple:   minmay_temple_bridge_abc
Bailey:   bailey_polearm_flooded_kennysheep, bailey

Skill      XL: |  1  2  3  4  5  6  7  8  9 10 11 |
---------------+----------------------------------+-----
Unarmed Combat | 4 5 7 8 9 10 11 12 13 | 13.1
Dodging        | 3 4 6 8 9 |  9.5
Fighting       | 6 8 9 11 | 11.2
Stealth        | |  1.7

Action                   |  1- 3 |  4- 6 |  7- 9 | 10-12 || total
-------------------------+-------+-------+-------+-------++-------
Melee: Unarmed           |   165 |   137 |   360 |   568 ||  1230
       Tailslap          |    12 |    20 |    57 |   102 ||   191
       Punch             |     2 |     3 |    15 |    27 ||    47
       Bite              |       |     6 |       |       ||     6
Throw: Javelin           |       |       |       |    10 ||    10
 Abil: Breathe Acid      |       |       |     6 |    16 ||    22
       Blink             |       |       |       |     6 ||     6
Evoke: Wand              |       |     1 |       |     4 ||     5
  Use: Potion            |     2 |     4 |       |     3 ||     9
       Scroll            |       |       |    10 |     8 ||    18
 Stab: Sleeping          |     3 |     1 |     3 |     2 ||     9
       Distracted        |       |       |       |     1 ||     1
  Eat: Chunk             |     2 |     4 |     8 |    18 ||    32
       Royal jelly       |       |       |     1 |     2 ||     3
Armor: Skin              |    64 |    39 |    70 |   158 ||   331
Dodge: Dodged            |   166 |    66 |   221 |   577 ||  1030
